[Event "*** Titled Tuesday Blitz"]
[Site "Chess.com"]
[Date "2021.04.27"]
[Round "7"]
[White "Taktikmonster"]
[Black "BigAl"]
[Result "0-1"]
[WhiteElo "2415"]
[BlackElo "2567"]
[TimeControl "180+1"]
[EndTime "11:16:56 PDT"]
[Termination "BigAl won by checkmate"]

1. e4 c6 2. d4 d5 3. e5 Bf5 4. Nd2 e6 5. Nb3 Nd7 6. Nf3 Ne7 7. Be2 Ng6 8. O-O f6 9. exf6 Qxf6 10. Bg5 Qf7 11. Bd3 Bd6 12. Bxf5 Qxf5 13. Re1 O-O 14. Qd2 Bf4 15. Bxf4 Nxf4 16. Ne5 Qg5 17. f3 Nxe5 18. Rxe5 Qg6 19. Rae1 Rae8 20. Nc5 Rf5 21. Rxf5 Qxf5 22.
Nd7 b6 23. Ne5 c5 24. c3 cxd4 25. Qxd4 h6 26. Ng4 Rf8 27. Qe5 Qc2 28. Ne3 Qd2 29.
Rd1 Qe2 30. Rf1 Rf6 31. Rf2 Qe1+ 32. Rf1 Qe2 33. Rf2 Nh3+ 34. gxh3 Rg6+ 35. Ng4 Qxe5 36. Kf1 Qf4 37. Re2 h5 38. Rxe6 Rxe6 39. Kg1 Qxf3 40. Nf2 Re1# 0-1

[Event "*** Titled Tuesday Blitz"]
[Site "Chess.com"]
[Date "2021.04.27"]
[Round "7"]
[White "Andrii_Prydun"]
[Black "elcandado"]
[Result "1/2-1/2"]
[WhiteElo "2343"]
[BlackElo "2619"]
[TimeControl "180+1"]
[EndTime "11:16:56 PDT"]
[Termination "Game drawn by repetition"]

1. d4 Nf6 2. Nc3 d5 3. Bf4 e6 4. Nb5 Bd6 5. Nxd6+ cxd6 6. e3 Nc6 7. Nf3 Qe7 8. Bg5 h6 9. Bxf6 gxf6 10. c4 dxc4 11. Bxc4 d5 12. Be2 Bd7 13. Qb3 O-O-O 14. Rc1 Kb8 15.
Rc5 Rc8 16. O-O Rhg8 17. Rfc1 Ka8 18. g3 f5 19. Ne5 Nxe5 20. Rxc8+ Rxc8 21. Rxc8+ Bxc8 22. dxe5 Qc7 23. Qc3 Qxc3 24. bxc3 Bd7 25. Bh5 Be8 26.
Kf1 Kb8 27. Ke2 Kc7 28. Kd2 Kb6 29. Kc2 Kc5 30. Kb3 a5 31. a3 b6 32. Kb2 Kc6 33. Kb3 Kc7 34. Kb2 Kd8 35. Kb3 Ke7 36. Kb2 Bb5 37. Kb3 Bc4+ 38. Kb2 f6 39. f4 fxe5 40.
fxe5 Bf1 41. Kb3 Bd3 42. Kb2 Bc4 43. Kc2 Bb5 44. Kb2 Bd7 45. Kb3 b5 46. Kb2 Kd8 47. Kb3 Kc7 48. Bg6 Kb6 49. Bf7 Kc5 50. Bg8 a4+ 51. Kb2 Kc4 52. Kc2 Bc8 53. Bf7 Bd7 54.
Bg8 Bc8 55. Bf7 Bd7 56. Bg8 1/2-1/2

[Event "*** Titled Tuesday Blitz"]
[Site "Chess.com"]
[Date "2021.04.27"]
[Round "7"]
[White "Vesper2018"]
[Black "Skat2704"]
[Result "1-0"]
[WhiteElo "2568"]
[BlackElo "2679"]
[TimeControl "180+1"]
[EndTime "11:16:59 PDT"]
[Termination "Vesper2018 won by resignation"]

1. e4 c5 2. Nc3 e6 3. Nge2 Nc6 4. d4 cxd4 5. Nxd4 Nf6 6. Ndb5 Bb4 7. a3 Bxc3+ 8. Nxc3 d5 9. exd5 exd5 10. Bd3 O-O 11. O-O Bg4 12. f3 Bh5 13. Kh1 d4 14. Ne2 Bg6 15.
Bg5 Re8 16. Qd2 Qd6 17. Rad1 Rad8 18. Bxg6 hxg6 19. Ng3 Ne5 20. Qf4 Nc4 21. Qxd6 Rxd6 22. Bxf6 gxf6 23. Ne4 Rxe4 24. fxe4 Ne3 25. Kg1 Nxf1 26.
Kxf1 Rb6 27. b3 Rc6 28. Rd2 Kf8 29. Ke2 Rc3 30. Kd1 Ke7 31. Rxd4 Rc6 32. Kd2 Ke6 33. c4 Rc7 34. Ke3 Rc8 35. Rd5 Rh8 36. h3 Rh4 37. Rb5 b6 38. c5 Rh5 39. b4 bxc5 40. Rxc5 Rh4 41. Ra5 f5 42. exf5+ gxf5 43. Ra6+ Ke5 44. Rxa7 Re4+ 45. Kf3 Rc4 46. Ra5+ Kf6 47. b5 Rc3+ 48. Kf2 Ke5 49. b6+ Kf4 50. Rb5 Rc2+ 51. Kg1 Kg3 52. Rb3+ Kf4 53. b7 1-0

[Event "*** Titled Tuesday Blitz"]
[Site "Chess.com"]
[Date "2021.04.27"]
[Round "7"]
[White "Vigorito-NE"]
[Black "lamomiablanca"]
[Result "0-1"]
[WhiteElo "2551"]
[BlackElo "2432"]
[TimeControl "180+1"]
[EndTime "11:17:00 PDT"]
[Termination "lamomiablanca won by checkmate"]

1. d4 Nf6 2. c4 b6 3. Nc3 Bb7 4. e3 d5 5. Nf3 g6 6. cxd5 Nxd5 7.
Bb5+ c6 8. Bd3 Bg7 9. O-O Nxc3 10. bxc3 O-O 11. e4 c5 12. Bg5 cxd4 13. cxd4 h6 14. Be3 e6 15. Qd2 Kh7 16. Rad1 Nc6 17. Bb1 Na5 18. Rc1 Ba6 19. Bd3 Bxd3 20. Qxd3 Qd7 21. h4 Kg8 22. h5 g5 23. e5 Qe7 24. Qe4 Rfd8 25. Nh2 b5 26. Ng4 Nc4 27. Rfd1 Rac8 28. g3 Rd5 29. f4 gxf4 30. Bxf4 Qf8 31. Rf1 Rcd8 32. Rcd1 Nb2 33. Rb1 Rxd4 34. Qe3 Nc4 35. Qf2 Nd2 36. Bxd2 Rxd2 37. Qf4 Qc5+ 38. Kh1 Qc2 39.
Qxf7+ Kh8 40. Qf3 R2d3 41. Qf4 Qc6+ 42. Kg1 Rd2 43. Rbc1 Qg2# 0-1

[Event "*** Titled Tuesday Blitz"]
[Site "Chess.com"]
[Date "2021.04.27"]
[Round "7"]
[White "eltrain1971"]
[Black "jamalm2"]
[Result "0-1"]
[WhiteElo "2225"]
[BlackElo "2042"]
[TimeControl "180+1"]
[EndTime "11:17:00 PDT"]
[Termination "jamalm2 won by resignation"]

1. c4 f5 2. g3 g6 3. Bg2 Bg7 4. Nc3 Nf6 5. d3 d6 6. e4 fxe4 7. dxe4 O-O 8. Nge2 c6 9. O-O e5 10. h3 Be6 11. b3 Qc7 12. Bg5 Nbd7 13. Qd2 Rad8 14. Rad1 Nb6 15. Kh2 a5 16. a4 Nc8 17.
Qe3 Rde8 18. Rd2 Nd7 19. Nc1 Nc5 20. Qe2 Qf7 21. Be3 Nxb3 22. Nxb3 Bxc4 23. Qe1 Bxb3 24. Qb1 Bc4 25. Re1 Rd8 26. Rb2 Rd7 27. Rd1 h5 28. h4 Kh7 29. Qc1 Be6 30. Rbd2 Bg4 31. f3 Be6 32. Rf1 Bc4 33. Rff2 b5 34. axb5 cxb5 35. Nd5 b4 36. Qa1 Bxd5 37. Rxd5 Rb7 38. Qxa5 b3 39. Rb2 Nb6 40. Rb5 Nc4 41. Rxb7 Qxb7 42. Qc3 Nxb2 43. Qxb2 Ra8 44. Qb1 b2 0-1

[Event "*** Titled Tuesday Blitz"]
[Site "Chess.com"]
[Date "2021.04.27"]
[Round "7"]
[White "HouseOfDurin"]
[Black "ChronicUnhappiness"]
[Result "0-1"]
[WhiteElo "2131"]
[BlackElo "2324"]
[TimeControl "180+1"]
[EndTime "11:17:02 PDT"]
[Termination "ChronicUnhappiness won on time"]

1. d4 Nf6 2. Bg5 e6 3. e4 h6 4. Bxf6 Qxf6 5. e5 Qd8 6. f4 d5 7. exd6 Bxd6 8. g3 c5 9. Bg2 cxd4 10. Qxd4 O-O 11. Nc3 Nc6 12. Bxc6 bxc6 13. O-O-O Be7 14. Qxd8 Rxd8 15. Nf3 Bb7 16. Ne5 c5 17. Rxd8+ Rxd8 18. Rd1 Rxd1+ 19. Kxd1 f6 20. Nd3 Bc6 21.
a3 a5 22. Na2 c4 23. Ne1 g5 24. fxg5 hxg5 25. Ke2 Kf7 26. Nc3 f5 27. Nf3 Bf6 28.
Nd1 Bxf3+ 29. Kxf3 e5 30. b3 cxb3 31. cxb3 Ke6 32.
Ke3 e4 33. b4 axb4 34. axb4 Kd5 35. Nf2 Bd4+ 36. Ke2 f4 37. gxf4 gxf4 38. h4 f3+ 39. Ke1 Bc3+ 40. Kf1 Bxb4 41. h5 e3 42. Nd3 Bf8 43.
Nf4+ Ke4 44. Ng6 e2+ 45. Kf2 Bc5+ 46. Ke1 Ke3 0-1

[Event "*** Titled Tuesday Blitz"]
[Site "Chess.com"]
[Date "2021.04.27"]
[Round "7"]
[White "zmeeed67"]
[Black "VinzentSpitzl"]
[Result "1-0"]
[WhiteElo "2556"]
[BlackElo "2402"]
[TimeControl "180+1"]
[EndTime "11:17:03 PDT"]
[Termination "zmeeed67 won by resignation"]

1. d4 f5 2. e4 fxe4 3. Nc3 Nf6 4. Bg5 d5 5. Bxf6 exf6 6. Qh5+ g6 7. Qxd5 Nc6 8. Qxe4+ Kf7 9. O-O-O Bf5 10. Qh4 Kg7 11.
g4 g5 12. Qg3 Bg6 13. h4 Bd6 14. Qg2 Bf4+ 15. Kb1 Nb4 16. Bd3 Nxd3 17. cxd3 Qxd4 18. Nge2 Qd6 19. h5 Bxd3+ 20. Ka1 Rad8 21. h6+ Kf7 22. Nxf4 Qxf4 23. Qxb7 Bc2 24. Rxd8 Rxd8 25. Re1 Rd1+ 26. Rxd1 Bxd1 27. a3 Bxg4 28. Qd5+ Kg6 29. Qg8+ Kxh6 30. Nd5 Qc1+ 31. Ka2 Qc4+ 32. Ka1 Qf1+ 33.
Ka2 Qc4+ 34. Ka1 Qd4 35. Qf8+ Kg6 36. Ne7+ Kh5 37. Qf7+ Kh4 38. Qxh7+ Bh5 39. Nf5+ Kg4 40. Nxd4 Bg6 41. Qxg6 1-0

[Event "*** Titled Tuesday Blitz"]
[Site "Chess.com"]
[Date "2021.04.27"]
[Round "7"]
[White "AttackSparrow"]
[Black "Andrakhanova"]
[Result "1-0"]
[WhiteElo "2477"]
[BlackElo "2286"]
[TimeControl "180+1"]
[EndTime "11:17:03 PDT"]
[Termination "AttackSparrow won by resignation"]

1. e4 c5 2. c3 Nf6 3. e5 Ne4 4.
d4 cxd4 5. cxd4 d6 6. Bd3 Bf5 7. f3 Qa5+ 8. Ke2 Nc6 9. fxe4 Bg4+ 10. Nf3 Nxd4+ 11. Kf2 dxe5 12. Be3 e6 13. Nc3 Bb4 14. a3 Bxc3 15. bxc3 Nb5 16. Bxb5+ Qxb5 17. Qe2 Qa4 18.
c4 O-O 19. h3 Bh5 20. g4 Bg6 21. Nxe5 Bxe4 22. Rhd1 f5 23. g5 f4 24. Bc5 Bc2 25.
Rd2 f3 26. Qe3 Rf5 27. Ng4 Qxc4 28. Rc1 Rxc5 29. Rcxc2 Qxc2 30. Qxe6+ Kh8 31. Rxc2 Rxc2+ 32. Kxf3 Rf8+ 33. Kg3 Rc3+ 34. Kh4 Rxa3 35. g6 hxg6 36. Qxg6 Ra6 37. Qh5+ Kg8 38. Qd5+ Rf7 39. Ne5 Ra4+ 40. Kg3 Rf4 41. Nxf7 Rxf7 42. Qd8+ Kh7 43. Qd3+ g6 44. Qc4 Re7 45. Qh4+ 1-0

[Event "*** Titled Tuesday Blitz"]
[Site "Chess.com"]
[Date "2021.04.27"]
[Round "7"]
[White "AniJak"]
[Black "gonzaga23"]
[Result "0-1"]
[WhiteElo "2283"]
[BlackElo "2469"]
[TimeControl "180+1"]
[EndTime "11:17:03 PDT"]
[Termination "gonzaga23 won on time"]

1. e4 c6 2. d4 d5 3. e5 Bf5 4. Nf3 e6 5. Be2 Ne7 6. O-O c5 7. dxc5 Nec6 8. Be3 Nd7 9. Nd4 Nxd4 10. Bxd4 Bxc5 11.
c4 dxc4 12. Bxc4 O-O 13. Nc3 Rc8 14. Nb5 Bxd4 15. Qxd4 Nxe5 16. Qxe5 Rxc4 17. Nd6 Rc2 18. Nxf5 exf5 19. b3 Qc8 20. g3 Re8 21. Qa5 a6 22. Rfe1 g6 23. Rxe8+ Qxe8 24. Re1 Qd7 25. a4 Qd4 26.
Re8+ Kg7 27. Qe5+ Qxe5 28. Rxe5 Rc3 29. b4 Rc4 30. b5 Rxa4 31. bxa6 bxa6 32. Re7 Kf6 33.
Ra7 Ra1+ 34. Kg2 a5 35. h4 a4 36. Ra6+ Ke5 37. Ra5+ Kd4 38. Ra7 a3 39. Rxf7 Kc3 40.
Rxh7 Rb1 41. Ra7 Rb3 42. f3 Kb2 43. g4 fxg4 44. fxg4 a2 45. h5 gxh5 46. gxh5 Ra3 0-1

[Event "*** Titled Tuesday Blitz"]
[Site "Chess.com"]
[Date "2021.04.27"]
[Round "7"]
[White "miragha_yev"]
[Black "GameOverBro"]
[Result "1-0"]
[WhiteElo "2748"]
[BlackElo "2524"]
[TimeControl "180+1"]
[EndTime "11:17:04 PDT"]
[Termination "miragha_yev won on time"]

1. e4 d6 2. d4 Nf6 3. Nc3 e5 4. Nge2 c6 5. a4 Nbd7 6. g3 b6 7. Bg2 a6 8. O-O Be7 9. h3 h5 10. Be3 Bb7 11. f4 b5 12. axb5 axb5 13. b4 O-O 14. d5 Qc7 15. Qd3 h4 16. f5 hxg3 17. Nxg3 Rfc8 18. Rxa8 Bxa8 19. Ra1 Nb6 20. dxc6 Bxc6 21.
Nxb5 Bxb5 22. Qxb5 Nc4 23. Ra7 Qd8 24. Bf2 Ne8 25. Bf1 Nd2 26. Bb6 Nc7 27. Qc6 Bh4 28.
Rxc7 Rxc7 29. Qxc7 Qg5 30. Qd8+ Qxd8 31. Bxd8 Bxd8 32.
Bd3 Bb6+ 33. Kg2 Kf8 34. Ne2 Ke7 35. Nc3 Kd7 36. Nd5 Ba7 37. Bb5+ Kd8 38. Bd3 g6 39. f6 Kd7 40. h4 Ke6 41. c3 Nb3 42. Bc4 Nd2 43. Bd3 Nb3 44. Kf3 Nd2+ 45. Ke2 Nb3 46.
Kd1 Na1 47. Be2 Kd7 48. Bg4+ Kc6 49. h5 gxh5 50. Bxh5 1-0

[Event "*** Titled Tuesday Blitz"]
[Site "Chess.com"]
[Date "2021.04.27"]
[Round "7"]
[White "ChessAdvanceUSA"]
[Black "Diego_FloresQ"]
[Result "0-1"]
[WhiteElo "2301"]
[BlackElo "2603"]
[TimeControl "180+1"]
[EndTime "11:17:04 PDT"]
[Termination "Diego_FloresQ won by resignation"]

1. Nc3 c5 2. e4 Nc6 3. f4 g6 4. Bb5 Nd4 5. Nf3 Bg7 6. O-O a6 7. Bd3 d6 8. a4 Bg4 9. Be2 Bd7 10.
d3 e6 11. Be3 Ne7 12. Bxd4 cxd4 13. Nb1 O-O 14. Nbd2 Nc6 15. Nc4 Qc7 16. a5 Rad8 17. Qd2 f5 18. e5 dxe5 19. Nfxe5 Nxe5 20. fxe5 Bxe5 21. Nxe5 Qxe5 22. Bf3 Bc6 23. Bxc6 bxc6 24. Rfe1 Qd5 25. Qe2 Rfe8 26. Qe5 Qxe5 27. Rxe5 Rd5 28. Rae1 Kf7 29. b3 Re7 30. Kf2 Kf6 31. Rxd5 exd5 32. Ra1 c5 33. Ra4 g5 34. b4 c4 35. Ra3 Rb7 36. Ra4 Ke5 37. Ke2 Rb5 38. g3 h5 39. Kf3 g4+ 40. Kf2 f4 41. gxf4+ Kxf4 42. dxc4 dxc4 43. Ke2 h4 44. Kf2 g3+ 45. hxg3+ hxg3+ 46. Kg2 d3 47. cxd3 cxd3 48. Ra3 Rd5 49. Ra1 d2 50. Rd1 Ke3 51. b5 Rxb5 0-1

[Event "*** Titled Tuesday Blitz"]
[Site "Chess.com"]
[Date "2021.04.27"]
[Round "7"]
[White "Goryachkina"]
[Black "Vanina1989"]
[Result "0-1"]
[WhiteElo "2671"]
[BlackElo "2814"]
[TimeControl "180+1"]
[EndTime "11:17:05 PDT"]
[Termination "Vanina1989 won by resignation"]

1. e4 c6 2. d4 d5 3. e5 Bf5 4.
Bd3 Bxd3 5. Qxd3 e6 6. Ne2 c5 7. c3 Nc6 8. O-O Nge7 9. Nd2 Nf5 10. Nf3 Be7 11. g4 Nh6 12. Bxh6 gxh6 13. Kh1 Qb6 14.
Rab1 O-O-O 15. b4 cxb4 16. cxb4 Kb8 17. a3 Rdg8 18. Rg1 f6 19. exf6 Bxf6 20. Qe3 e5 21.
dxe5 Qxe3 22. fxe3 Nxe5 23. Nxe5 Bxe5 24. Rbd1 Rd8 25.
Rgf1 Rhe8 26. Rf5 Bb2 27. Rd3 Re4 28. h3 Rde8 29. Rf3 R8e5 30. Ng3 Rc4 31. Rf5 Kc7 32. Kg2 Kc6 33. Rxe5 Bxe5 34. Nf5 Rc2+ 35. Kf3 Rh2 36.
Ne7+ Kd6 37. Nxd5 Rxh3+ 38. Ke4 Ke6 39. Nf4+ Bxf4 40. Kxf4 h5 41. gxh5 Rxh5 42. Rd8 Rh4+ 43. Kf3 Rc4 44. Re8+ Kf6 45. Rf8+ Kg7 46. Rd8 Rc7 47.
Kf4 Rf7+ 48. Kg4 Re7 49. Kf4 Rf7+ 50. Kg4 Kf6 51. Kf4 Ke7+ 0-1

[Event "*** Titled Tuesday Blitz"]
[Site "Chess.com"]
[Date "2021.04.27"]
[Round "7"]
[White "WPWPWP-2015"]
[Black "Kale36"]
[Result "1-0"]
[WhiteElo "2419"]
[BlackElo "2279"]
[TimeControl "180+1"]
[EndTime "11:17:07 PDT"]
[Termination "WPWPWP-2015 won on time"]

1. d4 Nc6 2. e4 e5 3. Nf3 exd4 4.
Nxd4 Nf6 5. Nxc6 bxc6 6. e5 Qe7 7. Qe2 Nd5 8. h4 a5 9. h5 Ba6 10. c4 Nb6 11. Nd2 h6 12. b3 Qe6 13. f4 Bb4 14. Bb2 a4 15. Qf2 a3 16. Bd4 c5 17.
Bxc5 Bxc5 18. Qxc5 d6 19. Qxc7 dxe5 20. Qxe5 O-O-O 21. Qxe6+ fxe6 22. O-O-O Bb7 23. Rh3 Rhf8 24. Re3 Rxf4 25.
Rxe6 Nd7 26. g3 Rf2 27. Bh3 Kc7 28. Re7 Bc6 29. Bxd7 Bxd7 30. Rf1 Rdf8 31. Rd1 Kc8 32. Rxg7 Bf5 33. Ra7 Kb8 34. Rxa3 Rd8 35. b4 Rd4 36. Rc3 Bd3 37. a4 Be2 38. Re1 Bxh5 39. Rc2 Bg6 40. Rb2 Rd3 41. Rh1 Rc3+ 42. Kd1 Bd3 43. Re1 Ra3 44. Re8+ Kc7 45. Nb3 Ra1+ 46. Nc1 1-0

[Event "*** Titled Tuesday Blitz"]
[Site "Chess.com"]
[Date "2021.04.27"]
[Round "7"]
[White "pavelalexandru07"]
[Black "bennyficial"]
[Result "1-0"]
[WhiteElo "2333"]
[BlackElo "2193"]
[TimeControl "180+1"]
[EndTime "11:17:08 PDT"]
[Termination "pavelalexandru07 won by resignation"]

1. e4 c5 2. Nf3 Nc6 3. d4 cxd4 4. Nxd4 Nf6 5. Nc3 e5 6. Ndb5 d6 7. Bg5 a6 8. Na3 b5 9. Nd5 Be7 10. Bxf6 Bxf6 11. c3 O-O 12. Nc2 Rb8 13. a4 bxa4 14. Ncb4 Nxb4 15. cxb4 Bb7 16. Nc3 d5 17. exd5 e4 18.
Be2 Rc8 19. O-O Bxc3 20. bxc3 Rxc3 21. Qd4 Rb3 22. Rxa4 Qxd5 23. Qxd5 Bxd5 24. Bxa6 Rb8 25. b5 Rb2 26. Rd4 Ba8 27. Rfd1 Kf8 28. h3 Ke7 29. Rd7+ Ke6 30. Rd8 Rxd8 31. Rxd8 Bd5 32. Re8+ Kd6 33. Rb8 e3 34. fxe3 Rxg2+ 35. Kf1 Rb2 36. b6 Bg2+ 37. Kg1 Bxh3 38. b7 Kc7 39. Rc8+ Bxc8 40. bxc8=Q+ Kd6 41. Qd8+ Ke6 42. Qe8+ Kf6 43. Qd8+ Kg6 44. Bd3+ Kh6 45. Qd6+ f6 46. Qf4+ g5 47. Qxf6+ Kh5 48. Qf7+ Kg4 49.
Qc4+ Kg3 50. Qc7+ Kg4 51. Qd7+ Kg3 52. Qd6+ Kh3 53. Qe6+ Kg3 54. Qe5+ Kh3 55. Qxb2 1-0

[Event "*** Titled Tuesday Blitz"]
[Site "Chess.com"]
[Date "2021.04.27"]
[Round "7"]
[White "StockholmMissile"]
[Black "Rsnr"]
[Result "1-0"]
[WhiteElo "2614"]
[BlackElo "2750"]
[TimeControl "180+1"]
[EndTime "11:17:09 PDT"]
[Termination "StockholmMissile won by resignation"]

1. d4 d5 2. c4 c6 3. Nf3 Nf6 4.
Nc3 e6 5. e3 Nbd7 6. Bd3 dxc4 7. Bxc4 b5 8. Bd3 b4 9. Na4 Bb7 10. O-O Be7 11. e4 c5 12. e5 Nd5 13. dxc5 Bc6 14.
a3 O-O 15. axb4 Nxb4 16. Bb1 Nxc5 17. Nxc5 Qxd1 18. Rxd1 Bxc5 19. Bf4 Rfd8 20. Rc1 Bxf3 21. gxf3 Bd4 22. Rc4 a5 23. Ra4 Bxb2 24. Be4 Rab8 25. Rxa5 h6 26. Ra7 Nd3 27. Bg3 Bd4 28. Ra5 Bb6 29. Ra6 g5 30. Kg2 Nb2 31. Rc6 Bd4 32. h4 Kg7 33. Rc7 Rf8 34. f4 gxh4 35. Bxh4 Nd1 36.
Bf6+ Kg8 37. Rd7 Rb4 38. Rad6 Nxf2 39. Rxd4 Rb2 40. Kf3 Nxe4 41. Rxe4 h5 42. Re2 Kh7 43. Rxb2 1-0

[Event "*** Titled Tuesday Blitz"]
[Site "Chess.com"]
[Date "2021.04.27"]
[Round "7"]
[White "GelmanAlexander"]
[Black "MFguimaraes"]
[Result "0-1"]
[WhiteElo "2574"]
[BlackElo "2441"]
[TimeControl "180+1"]
[EndTime "11:17:09 PDT"]
[Termination "MFguimaraes won on time"]

1. d4 d5 2. Nc3 Nf6 3. Bf4 c6 4. f3 Qb6 5. Qd2 Bf5 6. O-O-O e6 7. g4 Bg6 8. h4 h6 9. e3 Bb4 10. Nge2 Nbd7 11. a3 Be7 12. Bg3 Qa5 13. Nf4 Bh7 14.
g5 Ng8 15. g6 Bxg6 16. Nxg6 fxg6 17. Bh3 Kf7 18. e4 Ngf6 19. Rhe1 Rhe8 20. Qf4 dxe4 21. fxe4 g5 22. Qf2 Kg8 23. Bxe6+ Kh8 24. hxg5 Qxg5+ 25. Bf4 Qa5 26. e5 Nh7 27. Bxd7 Rf8 28. Qg3 Rxf4 29. Qxf4 Bg5 30. Rf1 Rf8 31. Ne2 Qd8 32. Be6 Bxf4+ 33. Rxf4 Qg5 34. Rf1 Rxf4 35. Nxf4 Nf8 36.
Bf7 g6 37. Kb1 Kg7 38. e6 h5 39. Nd3 Qg2 40. Rf2 Qg1+ 41. Ka2 Qg5 42. Ne5 Qe7 43. c4 Qd6 44. Rf4 g5 45. Rf5 Kh6 46. Bxh5 Kxh5 47. Nf7 Qe7 0-1

[Event "*** Titled Tuesday Blitz"]
[Site "Chess.com"]
[Date "2021.04.27"]
[Round "7"]
[White "dretch"]
[Black "AlexTriapishko"]
[Result "1-0"]
[WhiteElo "2841"]
[BlackElo "2874"]
[TimeControl "180+1"]
[EndTime "11:17:10 PDT"]
[Termination "dretch won on time"]

1. d4 Nf6 2. c4 e6 3. Nc3 Bb4 4. Qc2 d5 5. cxd5 Qxd5 6. Nf3 Qf5 7. Qxf5 exf5 8. Bd2 c6 9. e3 Be6 10. Bd3 h6 11. a3 Bd6 12. Ne5 Nbd7 13. Nc4 Bc7 14. b4 O-O 15. O-O b5 16. Na5 Bxa5 17. bxa5 a6 18. Ne2 c5 19. Ng3 g6 20. Rac1 Rfc8 21.
f3 cxd4 22. exd4 Bc4 23. Bxc4 bxc4 24. Bxh6 Nd5 25. Ne2 Rab8 26. Rc2 Rb3 27. Ra1 N7f6 28. Bd2 c3 29. Kf2 Rc4 30. Be1 f4 31. Rac1 Rb2 32. Nxc3 Rxc2+ 33. Rxc2 Nxc3 34. Rxc3 Rxc3 35. Bxc3 Nd5 36.
Bb4 f6 37. Ke2 Kf7 38. Kd3 Ke6 39. Kc4 Ne3+ 40. Kc5 Nxg2 41. Kb6 Kd5 42. Kxa6 Nh4 43. Kb7 Nxf3 44. a6 Nxd4 45. a7 f3 46. a8=Q f2 47.
Kc8+ Kc4 48. Qg2 1-0

[Event "*** Titled Tuesday Blitz"]
[Site "Chess.com"]
[Date "2021.04.27"]
[Round "7"]
[White "Omk124"]
[Black "Korchmar_Vasiliy"]
[Result "0-1"]
[WhiteElo "2555"]
[BlackElo "2698"]
[TimeControl "180+1"]
[EndTime "11:17:10 PDT"]
[Termination "Korchmar_Vasiliy won by checkmate"]

1. e4 c5 2. Nf3 d6 3. d4 cxd4 4.
Nxd4 Nf6 5. Nc3 Nc6 6. Be2 e5 7. Nb3 h6 8. Be3 Be7 9. O-O O-O 10. f3 a5 11. Nd5 a4 12. Nd2 Nxd5 13. exd5 Nb4 14.
Nc4 Bf5 15. Na3 Bg5 16. Bf2 Qa5 17. c3 Na6 18. Nc4 Qc7 19. Nb6 Rae8 20. Qxa4 e4 21. f4 Bxf4 22. Bd4 Nc5 23. Qb5 g5 24. g3 Bh3 25. gxf4 Bxf1 26. Rxf1 e3 27. fxg5 hxg5 28.
Bxc5 dxc5 29. Nd7 f5 30. Nxf8 Rxf8 31. Qc4 Qd6 32. Qd3 f4 33. Bg4 Kg7 34. Be6 Qe5 35.
Qe2 Rh8 36. h3 Qe4 37. b3 Kf6 38. Bg4 Qxd5 39. Qxe3 Qe5 40. Qxe5+ Kxe5 41. Re1+ Kf6 42. Re6+ Kf7 43. Rb6 Rd8 44. Rxb7+ Kf6 45. Rb6+ Ke5 46. Re6+ Kd5 47. Rg6 Ke4 48. Rxg5 Rd2 49. Rxc5 Rxa2 50. Rc4+ Ke3 51. Rc8 Ra1+ 52. Kg2 Ra2+ 53. Be2 f3+ 54. Kg3 fxe2 55. Re8+ Kd2 56. Rxe2+ Kxe2 57. b4 Rc2 58. Kg4 Rxc3 59. h4 Rc4+ 60. Kg5 Rxb4 61. h5 Kf3 62. h6 Rb5+ 63. Kg6 Kg4 64. Kg7 Kg5 65. h7 Rb7+ 66. Kg8 Kg6 67. h8=N+ Kf6 68. Kf8 Rb8# 0-1

[Event "*** Titled Tuesday Blitz"]
[Site "Chess.com"]
[Date "2021.04.27"]
[Round "7"]
[White "noblerone"]
[Black "szachuspl"]
[Result "1-0"]
[WhiteElo "2405"]
[BlackElo "2533"]
[TimeControl "180+1"]
[EndTime "11:17:10 PDT"]
[Termination "noblerone won by checkmate"]

1. d4 Nf6 2. Nf3 g6 3. Bg5 Bg7 4. Nbd2 h6 5. Bh4 d6 6. c3 g5 7. Bg3 Nh5 8. e3 O-O 9. Bc4 Nxg3 10. hxg3 d5 11. Bd3 f5 12. Ne5 Nd7 13. Ndf3 c5 14.
Nxd7 Bxd7 15. Ne5 cxd4 16. exd4 Bxe5 17. dxe5 Kg7 18. Qh5 Qb6 19. O-O-O Qg6 20. Qe2 e6 21. f4 Rac8 22. Kb1 a6 23. Rh2 g4 24. Qe3 Qe8 25.
Rdh1 Rh8 26. Rh4 Bb5 27. Bc2 Qd7 28. Qd2 Rcd8 29. Qd1 d4 30. Rxg4+ fxg4 31. Qxg4+ Kf8 32. f5 d3 33. Bb3 exf5 34. Qg6 d2 35. Rd1 Bd3+ 36.
Ka1 Qg7 37. Qb6 Qe7 38. e6 Kg7 39. Qf2 Be4 40. Rxd2 Rxd2 41. Qxd2 Rd8 42. Qe1 Qd6 43. a3 b5 44. Qe3 Qe7 45. Qf4 Rd6 46. g4 Rxe6 47.
gxf5 Rf6 48. Qg3+ Rg6 49. Qxg6+ Kf8 50. Qg8# 1-0

[Event "*** Titled Tuesday Blitz"]
[Site "Chess.com"]
[Date "2021.04.27"]
[Round "7"]
[White "KubaGepard"]
[Black "OlifantCZ"]
[Result "1/2-1/2"]
[WhiteElo "2390"]
[BlackElo "2268"]
[TimeControl "180+1"]
[EndTime "11:17:12 PDT"]
[Termination "Game drawn by repetition"]

1. d4 Nf6 2. Nf3 g6 3. g3 Bg7 4. Bg2 O-O 5. O-O d6 6. b3 Nc6 7.
Bb2 Bg4 8. Nbd2 Qd7 9. Re1 Rfe8 10. c4 a6 11. Qb1 e5 12. d5 Ne7 13. e4 h6 14. Nf1 Nh7 15. N3d2 Bh3 16. Qd3 Bxg2 17. Kxg2 Ng5 18. Nf3 Qh3+ 19. Kh1 Nxf3 20.
Qxf3 f5 21. Qg2 Qh5 22. Nd2 Rf8 23. f3 Rf7 24. Rf1 Raf8 25. Rae1 Qg5 26. Bc1 Qf6 27.
Re2 h5 28. b4 Bh6 29. c5 Bxd2 30. Bxd2 fxe4 31. Rxe4 Nxd5 32. cxd6 cxd6 33. f4 Qe6 34. Rfe1 Nf6 35. R4e2 e4 36. Bc3 d5 37. Bxf6 Qxf6 38.
Qf2 Rc7 39. Rc2 Rfc8 40. Rec1 Rxc2 41. Rxc2 Rxc2 42. Qxc2 Qe6 43. Kg2 d4 44. Kf2 e3+ 45. Ke2 Qg4+ 46. Ke1 Qf3 47. Qc4+ Kh7 48. Qf7+ Kh8 49.
Qe8+ Kh7 50. Qe7+ Kh8 51. Qf8+ Kh7 52. Qf7+ Kh8 53. Qf8+ Kh7 54. Qf7+ 1/2-1/2

[Event "*** Titled Tuesday Blitz"]
[Site "Chess.com"]
[Date "2021.04.27"]
[Round "7"]
[White "alexgo05"]
[Black "poppy73"]
[Result "1-0"]
[WhiteElo "2484"]
[BlackElo "2187"]
[TimeControl "180+1"]
[EndTime "11:17:13 PDT"]
[Termination "alexgo05 won on time"]

1. c4 Nf6 2. Nc3 g6 3. e4 Bg7 4. d4 d6 5. Be2 O-O 6. Be3 e5 7. d5 Na6 8. Qc2 Nc5 9. f3 a5 10. h4 h5 11. Nh3 Nh7 12. Ng5 Nxg5 13. hxg5 f5 14. gxf6 Bxf6 15. O-O-O Bg5 16. Qd2 Bf4 17. b3 a4 18. b4 Na6 19. a3 Qg5 20. Bxf4 Qxf4 21.
Kb2 Qxd2+ 22. Rxd2 Bd7 23. Rc1 b6 24. Nb5 Rf7 25.
Rdc2 g5 26. Rc3 h4 27. Bd1 Be8 28. Ra1 Nb8 29. Be2 Bxb5 30. cxb5 Ra7 31. Rac1 Kf8 32.
R1c2 Ke8 33. Kc1 Kd8 34. Kd2 Nd7 35. Ke3 Nf8 36. Kf2 Ng6 37. g3 hxg3+ 38. Kxg3 Nf4 39. Bf1 Rh7 40. Rh2 Rxh2 41. Kxh2 Kd7 42. Bh3+ Nxh3 43. Kxh3 Ra8 44. Kg4 Rf8 45. Kxg5 Rg8+ 46. Kh4 Rg1 47. Kh3 Rb1 48. Rc2 Rb3 49. Ra2 Rxf3+ 50. Kg4 Rf4+ 51.
Kg5 Rxe4 52. Rh2 Rd4 53. Rh7+ Kc8 54. Kf6 Rxd5 55. Ke6 Rd1 56. Rh8+ Kb7 57. Kd7 Rc1 58. Re8 1-0

[Event "*** Titled Tuesday Blitz"]
[Site "Chess.com"]
[Date "2021.04.27"]
[Round "7"]
[White "Lenyas66"]
[Black "GregShahade"]
[Result "0-1"]
[WhiteElo "2486"]
[BlackElo "2661"]
[TimeControl "180+1"]
[EndTime "11:17:14 PDT"]
[Termination "GregShahade won by resignation"]

1. e4 e5 2. Nf3 Nc6 3. Bb5 a6 4.
Ba4 Nf6 5. O-O Be7 6. Bxc6 dxc6 7. d3 Bd6 8. Nbd2 Be6 9. b3 Nd7 10. Nc4 Bxc4 11. bxc4 Qe7 12. Bg5 f6 13. Be3 Nc5 14. Rb1 b6 15. Nd2 O-O 16. g3 Ne6 17. Kg2 a5 18.
Qg4 Bc5 19. Bxc5 Nxc5 20. f4 exf4 21. Rxf4 Ne6 22. Rf2 Rad8 23. Nf3 Nc5 24. Re1 Qd7 25. Qf4 Rfe8 26. h4 Ne6 27. Qd2 Nd4 28. Nxd4 Qxd4 29.
h5 h6 30. Qf4 Re5 31. Qg4 Rde8 32. Ref1 Rg5 33. Qf4 Qe5 34. Qxe5 Rexe5 35. Rf4 Rxh5 36.
d4 Re7 37. g4 Rg5 38. Rh1 c5 39. d5 Rge5 40. Kf3 Kf7 41. a4 Ke8 42. Rh2 Kd7 43. c3 Kd6 44. Rh1 Rg5 45. Rh2 Re8 46.
Rh1 Rh8 47. Rh5 Re8 48. Rh2 Ke7 49. Rh1 Rh8 50. Rh2 h5 51. Kg3 Rh6 52. Rh4 hxg4 53.
Rxh6 gxh6 54. Rxg4 Kd6 55. Rxg5 fxg5 56. Kg4 Ke5 57.
Kh5 Kxe4 0-1